 Dungeon Crawl Stone Soup version 0.28-a0-233-gb8ca4b6547 (webtiles) character file.

Game seed: 6056451003894964619

261 timneilson the Covered (level 6, -3/38 HPs)
             Began as a Gargoyle Fighter on Aug 22, 2021.
             Killed by nerve-wracking pain
             ... invoked by Grinder
              (5 damage)
             ... on level 3 of the Dungeon.
             The game lasted 00:03:44 (3028 turns).

timneilson the Covered (Gargoyle Fighter)           Turns: 3028, Time: 00:03:45

Health: -3/38      AC: 12    Str: 21    XL:     6   Next: 18%
Magic:  6/6        EV:  7    Int:  9    God:
Gold:   138        SH:  8    Dex:  9    Spells: 5/5 levels left

rFire   . . .      SeeInvis .   d - +1 scimitar
rCold   . . .      Faith    .   c - +0 kite shield
rNeg    + . .      Spirit   .   b - +0 scale mail
rPois   ∞          Reflect  .   (no helmet)
rElec   +          Harm     .   l - +0 cloak
rCorr   .          Rampage  .   (no gloves)
Will    .....                   (no boots)
Stlth   ..........              (no amulet)
HPRegen 0.12/turn               (no ring)
MPRegen 0.10/turn               (no ring)

@: no status effects
A: sickness immunity, AC +4, negative energy resistance 1, electricity
resistance, torment resistance 1, petrification resistance
a: no special abilities


You were on level 3 of the Dungeon.
You visited 1 branch of the dungeon, and saw 3 of its levels.

You collected 138 gold pieces.

Inventory:

Hand Weapons
 a - a +0 long sword
 d - a +1 scimitar (weapon)
Missiles
 f - a throwing net (quivered)
Armour
 b - a +0 scale mail (worn)
 c - a +0 kite shield (worn)
 l - a +0 cloak (worn)
Scrolls
 e - a scroll of teleportation
Potions
 g - a potion of curing
 h - a potion of attraction
 i - a potion of brilliance {unknown}
 j - a potion of ambrosia
 k - a potion of invisibility {unknown}


   Skills:
 + Level 4.1 Fighting
 * Level 3.3 Long Blades
 * Level 4.8 Armour
 * Level 4.8 Shields


You had 5 spell levels left.
You didn't know any spells.
Your spell library contained the following spells:

 Spells                   Type           Power      Damage    Failure   Level
 Animate Skeleton         Necr           0%         N/A       98%         1
 Pain                     Necr           0%         1d4       98%         1
 Vampiric Draining        Necr           0%         2d6       100%        3


Dungeon Overview and Level Annotations

Branches:
Dungeon (3/15)

Altars:

Annotations:
D:3 Grinder


Innate Abilities, Weirdness & Mutations

You are immune to sickness and miasma.
Your stone body is resilient. (AC +4)
You are immune to poison.
You resist negative energy. (rN+)
You are resistant to electric shocks. (rElec)
You are resistant to unholy torment.
You are immune to petrification.


Message History

Grinder hits you.
Grinder blinks!
Grinder hits you.
* * * LOW HITPOINT WARNING * * *
You writhe in agony.
* * * LOW HITPOINT WARNING * * *
You barely miss Grinder.
Grinder is severely wounded.
Grinder blinks!
Grinder gestures at you.
You barely resist.
Grinder blinks!
Grinder blinks!
Grinder gestures at you. Pain shoots through your body!
* * * LOW HITPOINT WARNING * * *
Grinder hits you but does no damage.
You slash Grinder!
Grinder is almost dead.
Grinder hits you but does no damage. Grinder gestures at you.
You suddenly lose the ability to move!
Grinder blinks!
Grinder says, "I used to sell toenails on the black market."
Grinder gestures at you. Pain shoots through your body!
* * * LOW HITPOINT WARNING * * *
You can move again.
Grinder gestures at you.
You barely resist. You closely miss Grinder.
Grinder is almost dead.
Grinder hits you but does no damage.
You closely miss Grinder.
Grinder is almost dead.
Grinder hits you but does no damage. x2
You closely miss Grinder.
Grinder is almost dead.
Grinder gestures at you. Pain shoots through your body!
You die...

...................#.#
...................#..
.........########+##
.........########.###
..........†..........
########........#.#
#.......)..#
#.5.....##.# #.@.....#
# #.......# #.......#
#.......# #.......#
#.......# #########


You could see Grinder.

Vanquished Creatures
  3 wights (D:3)
  Crazy Yiuf (D:2)
  3 gnolls (D:2)
  4 adders
  A dart slug (D:1)
  An endoplasm (D:3)
  A giant cockroach (D:2)
  5 goblins
  7 hobgoblins
  5 quokkas
  3 ball pythons (D:2)
  4 bats
  3 frilled lizards
  2 kobolds (D:1)
  4 rats
47 creatures vanquished.

Notes
Turn   | Place    | Note
-------+----------+-------------------------------------------
     0 | D:1      | timneilson the Gargoyle Fighter began the quest for the
                  | Orb.
     0 | D:1      | Reached XP level 1. HP: 14/14 MP: 1/1
   322 | D:1      | Reached XP level 2. HP: 5/19 MP: 2/2
   845 | D:1      | Found a faded altar of an unknown god.
  1024 | D:2      | Found a runed translucent door.
  1025 | D:2      | Noticed Crazy Yiuf
  1172 | D:2      | Reached XP level 3. HP: 19/23 MP: 3/3
  1747 | D:2      | Reached XP level 4. HP: 13/29 MP: 4/4
  2385 | D:2      | Killed Crazy Yiuf
  2386 | D:2      | Reached XP level 5. HP: 16/33 MP: 5/5
  2765 | D:3      | Reached XP level 6. HP: 23/38 MP: 6/6
  2991 | D:3      | Noticed Grinder
  3005 | D:3      | Paralysed by Grinder for 3 turns
  3018 | D:3      | HP: 1/38 [Grinder/nerve-wracking pain (7)]
  3020 | D:3      | Paralysed by Grinder for 4 turns
  3028 | D:3      | Killed from afar by Grinder

Illustrated notes

Levels and vault maps discovered:
D:1:      minmay_arrival_statue_studded, layout_loops_cross,
          shapermc_ecumenical_altar_venn
D:2:      layout_loops_corners, minmay_pentomino_pile, uniq_crazy_yiuf_cottage
D:3:      layout_basic, st_stairs_11, minmay_misc_feat_enclosed, uniq_sigmund,
          uniq_grinder

Skill      XL: |  1  2  3  4  5 |
---------------+----------------+-----
Long Blades    | 2 3 |  3.3
Armour         | 4 |  4.8
Shields        | 4 |  4.8
Fighting       | 4 |  4.1

Action                   |  1- 3 |  4- 6 || total
-------------------------+-------+-------++-------
Melee: Long sword        |   121 |    55 ||   176
       Scimitar          |       |    25 ||    25
  Use: Scroll            |     3 |     1 ||     4
       Potion            |     1 |     1 ||     2
Armor: Scale mail        |    74 |    37 ||   111
Dodge: Dodged            |    53 |    26 ||    79
Block: Kite shield       |    61 |    25 ||    86
       Rpst.: Long sword |    19 |     7 ||    26
       Scimitar          |       |     2 ||     2

Table legend: (Time is in decaauts)
 A = Elapsed time spent in this place.
 B = Non-inter-level travel time spent in this place.
 C = Inter-level travel time spent in this place.
 D = Time resting spent in this place.
 E = Time spent auto-exploring this place.
 F = Levels seen in this place.
 G = Mean time per level.
                   A        B        C        D        E       F      G
               +--------+--------+--------+--------+--------+-----+--------+
         Total |   3116 |   3063 |     53 |      0 |   2518 |   3 | 1038.7 |
       Dungeon |   3116 |   3063 |     53 |      0 |   2518 |   3 | 1038.7 |
               +--------+--------+--------+--------+--------+-----+--------+

Top non-repeatable levels by time:
     D:2: 1642 daAuts
     D:1: 1010 daAuts
     D:3: 463 daAuts
